 Dungeon Crawl Stone Soup version 0.29.1-12-g30fa7ad0bf (webtiles) character file.

Game seed: 12038408652804904062

102 FexLirch the Changer (level 4, -4/57 HPs)
             Began as a Naga Transmuter on Jan 3, 2023.
             Killed by divine providence
             ... invoked by an orc priest
              (14 damage)
             ... on level 3 of the Dungeon.
             The game lasted 00:04:15 (2700 turns).

FexLirch the Changer (Naga Transmuter)              Turns: 2700, Time: 00:04:15

Health: -4/57      AC: 22    Str:  9 (12) XL:     4   Next: 77%
Magic:  6/7        EV:  1    Int: 13 (15) God:
Gold:   138        SH:  0    Dex:  9 (12) Spells: 4/7 levels left

rFire   . . .      SeeInvis +     - Unarmed
rCold   . . .      Faith    .   (no shield)
rNeg    . . .      Spirit   .   (body armour currently unavailable)
rPois   +          Reflect  .   (helmet currently unavailable)
rElec   .          Harm     .   (cloak currently unavailable)
rCorr   .          Rampage  .   (gloves currently unavailable)
Will    .....      NoTele   +   (no barding)
Stlth   +.........              (no amulet)
HPRegen 0.19/turn               (no ring)
MPRegen 0.10/turn               (no ring)

@: tree-form, wereblooded (expiring), attractive
A: stationary, stasis, torment immunity, boosted hp, AC +1, large, see
invisible, (deformed body), (poison resistance), (slowness 2), spit poison 1,
(naga tail 1)
a: Spit Poison


You were on level 3 of the Dungeon.
You were a tree.
You visited 1 branch of the dungeon, and saw 3 of its levels.

You collected 138 gold pieces.

Inventory:

Armour
 a - a +0 robe (melded)
Scrolls
 d - 6 scrolls of identify {unknown}
 f - 2 scrolls of teleportation {unknown}
Potions
 b - a potion of lignification
 c - a potion of degeneration
 e - a potion of magic {unknown}
 g - a potion of attraction
 i - a potion of cancellation {unknown}
 j - a potion of heal wounds {unknown}


   Skills:
 - Level 1.0 Fighting
 - Level 1.5 Dodging
 - Level 3.0 Unarmed Combat
 - Level 2.0 Spellcasting
 + Level 4.8 Transmutations


You had 4 spell levels left.
You knew the following spells:

 Your Spells              Type           Power      Damage    Failure   Level
a - Beastly Appendage     Tmut           26%        N/A       3%          1
b - Wereblood             Tmut           13%        N/A       5%          2

Your spell library contained the following spells:

 Spells                   Type           Power      Damage    Failure   Level
 Spider Form              Tmut/Pois      7%         N/A       28%         3
 Ice Form                 Ice/Tmut       7%         N/A       67%         4


Dungeon Overview and Level Annotations

Branches:
Dungeon (3/15)

Altars:

Shops:
D:2 (


Innate Abilities, Weirdness & Mutations

You are a tree.
Your roots penetrate the ground, keeping you stationary.
You cannot be teleported.
You are immune to unholy pain and torment.
Your maximum health is greatly increased.
Your equipment is partially melded.
((Your serpentine skin is tough. (AC +1)))
You have supernaturally acute eyesight. (SInv)
((Armour fits poorly on your strangely shaped body.))
((Your system is resistant to poisons. (rPois)))
((You cover ground very slowly.))
You can spit poison.
((You have a snake-like lower body.))


Message History

The orc priest closely misses you.
You closely miss the orc priest.
The orc priest is moderately wounded.
The orc priest looks encouraged for a moment.
The orc hits you from afar with a +0 trident.
You feel better.
The orc priest calls down the wrath of Beogh upon you.
Pain shoots through your body! The orc hits you but does no damage.
You closely miss the orc priest. You headbutt the orc priest.
The orc priest is heavily wounded.
You howl as the wereblood boils in your veins!
The orc priest barely misses you. The orc completely misses you.
You closely miss the orc priest. You headbutt the orc priest.
The orc priest is heavily wounded.
The orc priest hits you with a +0 dagger.
The orc hits you from afar with a +0 trident.
* * * LOW HITPOINT WARNING * * *
It was a potion of degeneration.
There was something very wrong with that liquid.
You feel weakened.
You feel dopey.
You feel clumsy. The orc barely misses you.
The orc priest hits you with a +0 dagger.
* * * LOW HITPOINT WARNING * * *
Really quaff the potion of lignification?
Your horns disappear.
You turn into a tree.
Your +0 robe melds into your body.
Your roots penetrate the ground.
The orc hits you from afar with a +0 trident.
* * * LOW HITPOINT WARNING * * *
The orc priest hits you but does no damage.
You hit the orc priest.
The orc priest is almost dead.
Your primal bloodlust is almost over.
The orc priest miscasts a cantrip.
The orc hits you but does no damage.
You hit the orc priest.
The orc priest is almost dead.
The orc priest invokes the aid of Beogh against you.
Beogh smites you!
You die...

.#...######..........
................>...#
...###.###.#.#...#. .
#...###...#.###.# .. ####
#.###...........# ... ...
#...#.#..##.##### ....###.#
###.#.......#####
........#####.#..#.#†.##..#
.........oo♣..#.......##..#
....##..#######........#..##
. ##'# #............. ...
..........####. .8.8$
#.......[..####. #...o.#
##.##......#.... #.8o8.#
..##......#.### ##._.##
#......... ### #####
#........# #..


You could see an orc priest and an orc.

Vanquished Creatures
  Jessica (D:2)
  An orc wizard (D:3)
  A dart slug (D:1)
  4 endoplasms
  3 giant cockroaches
  4 goblins
  A hobgoblin (D:2)
  12 jackals
  2 quokkas
  3 ball pythons (D:1)
  2 bats
  2 frilled lizards
  3 kobolds
  5 rats
44 creatures vanquished.

Notes
Turn   | Place    | Note
-------+----------+-------------------------------------------
     0 | D:1      | FexLirch the Naga Transmuter began the quest for the Orb.
     0 | D:1      | Reached XP level 1. HP: 18/18 MP: 3/3
    64 | D:1      | Found a faded altar of an unknown god.
   578 | D:1      | Reached XP level 2. HP: 2/25 MP: 5/5
   838 | D:1      | Reached skill level 3 in Transmutations
   841 | D:1      | Learned a level 2 spell: Wereblood
  1501 | D:1      | Reached XP level 3. HP: 30/31 MP: 4/6
  1992 | D:2      | Found Anaeden's Weapon Shop.
  2196 | D:2      | Noticed Jessica
  2200 | D:2      | Killed Jessica
  2201 | D:2      | Reached skill level 4 in Transmutations
  2201 | D:2      | Reached XP level 4. HP: 38/38 MP: 3/7
  2700 | D:3      | Killed from afar by an orc priest

Illustrated notes

Levels and vault maps discovered:
D:1:      co_arrival_square_in_a_square_in_a_square, layout_basic,
          basic_ecumenical_altar
D:2:      layout_rooms, serial_shops, shop, kennysheep_potato, uniq_jessica
D:3:      layout_basic, kennysheep_orc_chapel, uniq_sigmund

Skill      XL: |  1  2  3 |
---------------+----------+-----
Transmutations | 3 4 |  4.8
Fighting       | |  1.0
Dodging        | |  1.5
Unarmed Combat | |  3.0
Spellcasting   | |  2.0

Action                   |  1- 3 |  4- 6 || total
-------------------------+-------+-------++-------
Melee: Unarmed           |   115 |    37 ||   152
       Headbutt          |    23 |     7 ||    30
       Punch             |     1 |     2 ||     3
 Cast: Beastly Appendage |    25 |     3 ||    28
       Wereblood         |     5 |     3 ||     8
 Abil: Spit Poison       |       |     2 ||     2
  Use: Potion            |     1 |     5 ||     6
Armor: Robe              |    26 |     6 ||    32
       Skin              |       |     2 ||     2
Dodge: Dodged            |    67 |    24 ||    91
